 Dungeon Crawl Stone Soup version 0.29-a0-721-g7f417c9bbb (webtiles) character file.

Game seed: 15951530681993321153

479 riojii the Ruffian (level 7, -1/60 HPs)
             Began as a Ghoul Fighter on June 28, 2022.
             Slain by Duvessa
             ... wielding a +0 short sword
              (2 damage)
             ... on level 4 of the Dungeon.
             The game lasted 00:05:27 (3563 turns).

riojii the Ruffian (Ghoul Fighter)                  Turns: 3563, Time: 00:05:27

Health: -1/60      AC:  9    Str: 22    XL:     7   Next: 11%
Magic:  6/6        EV: 10    Int:  3    God:
Gold:   179        SH:  4    Dex:  8    Spells: 6/6 levels left

rFire   . . .      SeeInvis +     - Unarmed
rCold   + . .      Faith    .   b - +0 buckler
rNeg    + + +      Spirit   .   c - +2 ring mail of the Game of Life {-Tele rElec SInv Stlth+}
rPois   ∞          Reflect  .   (no helmet)
rElec   +          Harm     .   l - +0 cloak
rCorr   .          Rampage  .   (no gloves)
Will    .....      NoTele   +   (no boots)
Stlth   +.........              (no amulet)
HPRegen 0.00/turn               (no ring)
MPRegen 0.10/turn               (no ring)

@: mighty, inhibited regen
A: claws 1, cold resistance 1, negative energy resistance 3, inhibited
regeneration, torment resistance 2, devour on kill
a: no special abilities


You were on level 4 of the Dungeon.
You visited 1 branch of the dungeon, and saw 4 of its levels.

You collected 179 gold pieces.

Inventory:

Armour
 b - a +0 buckler (worn)
 c - the +2 ring mail of the Game of Life (worn) {-Tele rElec SInv Stlth+}
   (You found it on level 2 of the Dungeon)

   rElec:     It insulates you from electricity.
   SInv:      It lets you see invisible.
   -Tele:     It prevents most forms of teleportation.
   Stlth:     It makes you more stealthy.
 l - a +0 cloak (worn)
Jewellery
 h - an amulet of the acrobat
Scrolls
 d - a scroll of magic mapping
 e - a scroll of vulnerability
 f - 2 scrolls of teleportation
 m - a scroll of silence {unknown}
Potions
 a - a potion of degeneration {unknown}
 i - 3 potions of heal wounds
 j - a potion of curing {unknown}
 k - a potion of invisibility


   Skills:
 + Level 4.7 Fighting
 + Level 4.0 Armour
 + Level 3.9 Shields
 * Level 5.4 Unarmed Combat


You had 6 spell levels left.
You didn't know any spells.
Your spell library contained the following spells:

 Spells                   Type           Power      Damage    Failure   Level
 Summon Guardian Golem    Hex/Summ       0%         N/A       98%         3
 Orb of Destruction       Conj           0%         9d5       100%        7
 Spellforged Servitor     Conj/Summ      0%         N/A       100%        7


Dungeon Overview and Level Annotations

Branches:
Dungeon (4/15)             Temple (0/1) D:4

Altars:
Uskayaw

Shops:
D:2 (

Annotations:
D:3 2 transporters, gobodom's ghost, amateur DsNe
D:4 Duvessa


Innate Abilities, Weirdness & Mutations

You are immune to poison.
You have sharp fingernails.
Your flesh is cold resistant. (rC+)
You are immune to negative energy. (rN+++)
You do not regenerate when monsters are visible.
You are immune to unholy pain and torment.
You thrive by killing the living.


Message History

Dowan gestures wildly while chanting.
Dowan blinks!
Dowan barely misses you.
You claw Dowan!
You kill Dowan!
You hear a distant scream of rage.
Your Armour skill increases to level 4!
No target in view!
Duvessa goes berserk!
Duvessa hits you with a +0 short sword! Duvessa closely misses you.
You scratch Duvessa.
Duvessa is lightly wounded.
Duvessa hits you but does no damage. Duvessa completely misses you.
You barely miss Duvessa.
Duvessa is lightly wounded.
Duvessa hits you with a +0 short sword.
You completely miss Duvessa.
Duvessa is lightly wounded.
Duvessa hits you with a +0 short sword! Duvessa hits you with a +0 short sword.
You barely miss Duvessa.
Duvessa is lightly wounded.
Duvessa closely misses you.
You barely miss Duvessa.
Duvessa is lightly wounded.
Duvessa hits you with a +0 short sword.
You closely miss Duvessa.
Duvessa is lightly wounded.
Duvessa hits you with a +0 short sword! Duvessa closely misses you.
You mangle Duvessa!!
Duvessa is heavily wounded.
Duvessa hits you with a +0 short sword!
* * * LOW HITPOINT WARNING * * *
You claw Duvessa!
Duvessa is severely wounded.
Duvessa hits you but does no damage. Duvessa hits you with a +0 short sword!
* * * LOW HITPOINT WARNING * * *
You closely miss Duvessa.
Duvessa is severely wounded.
Duvessa hits you with a +0 short sword.
You die...

........####..###..# #...## #..#
........##....# ..# ##..# ##...
...........#..## ..# #..####....
.###.....####..##..####..##......
#....## ##..#...##.......##..
##.....####..............###..
#.....................### #..
#..............#####....# #..
#........e.#.e@.# ##...# #..
[.......######.## ##..# ... ...
#..# ##.# #... .....####..# ..
#... #........)# .......
###....#...# ### # #.#####......
# ##.....# #...##


You could see Duvessa (berserk).

Vanquished Creatures
  Sigmund (D:2)
  2 scorpions
  Dowan (D:4)
  Terence (D:2)
  An iguana (D:4)
  4 adders
  A worm (D:3)
  A dart slug (D:1)
  6 bats
  10 endoplasms
  4 giant cockroaches
  4 goblins
  5 hobgoblins
  3 jackals (D:4)
  8 ball pythons
  5 frilled lizards
  7 kobolds
  9 rats
  A butterfly (D:4)
74 creatures vanquished.

Vanquished Creatures (others)
  A plant (D:1)
1 creature vanquished.

Grand Total: 75 creatures vanquished

Notes
Turn   | Place    | Note
-------+----------+-------------------------------------------
     0 | D:1      | riojii the Ghoul Fighter began the quest for the Orb.
     0 | D:1      | Reached XP level 1. HP: 19/19 MP: 0/0
   174 | D:1      | Reached XP level 2. HP: 18/26 MP: 1/1
   303 | D:1      | Reached XP level 3. HP: 31/31 MP: 2/2
   357 | D:1      | Reached skill level 3 in Unarmed Combat
   549 | D:1      | Found a faded altar of an unknown god.
   882 | D:2      | Noticed Terence
   890 | D:2      | Killed Terence
   928 | D:2      | Reached XP level 4. HP: 37/40 MP: 3/3
   947 | D:2      | Noticed Sigmund
   958 | D:2      | Killed Sigmund
   959 | D:2      | Reached skill level 4 in Unarmed Combat
   959 | D:2      | Reached XP level 5. HP: 31/46 MP: 4/4
   960 | D:2      | Reached XP level 6. HP: 35/52 MP: 5/5
  1299 | D:2      | Found Xekla's Antique Weapon Boutique.
  1404 | D:2      | Identified the +2 ring mail of the Game of Life {-Tele
                  | rElec SInv Stlth+}
  1854 | D:3      | Found a hide-covered altar of Uskayaw.
  1895 | D:3      | Found a transporter.
  1901 | D:3      | Noticed gobodom's ghost (amateur DsNe)
  1908 | D:3      | Found a transporter.
  3274 | D:4      | Found a staircase to the Ecumenical Temple.
  3305 | D:4      | Reached skill level 5 in Unarmed Combat
  3437 | D:4      | Reached XP level 7. HP: 59/60 MP: 6/6
  3528 | D:4      | Noticed Duvessa
  3530 | D:4      | Noticed Dowan
  3550 | D:4      | Killed Dowan
  3562 | D:4      | HP: 1/60 [Duvessa/+0 short sword (11)]
  3563 | D:4      | Slain by Duvessa

Illustrated notes

Levels and vault maps discovered:
D:1:      matt_arrival_debris, layout_basic, shapermc_ecumenical_altar_ellora
D:2:      layout_rooms, serial_shops, nicolae_shop_waterfront, uniq_terence,
          uniq_sigmund
D:3:      layout_loops_corners, nicolae_uskayaw_dance_hall,
          gammafunk_ghost_stat_death
D:4:      layout_layer_cave, minmay_temple_entry_butterflies, uniq_duvessa

Skill      XL: |  1  2  3  4  5  6  7 |
---------------+----------------------+-----
Unarmed Combat | 3 4 5 |  5.4
Armour         | 3 4 |  4.0
Shields        | 3 |  3.9
Fighting       | 4 |  4.7

Action                   |  1- 3 |  4- 6 |  7- 9 || total
-------------------------+-------+-------+-------++-------
Melee: Unarmed           |    99 |   127 |    15 ||   241
  Use: Potion            |       |     1 |     1 ||     2
       Scroll            |       |     9 |       ||     9
 Stab: Sleeping          |       |     3 |       ||     3
Armor: Scale mail        |    34 |    25 |       ||    59
       Ring mail         |       |    26 |     3 ||    29
Dodge: Dodged            |    32 |    59 |     6 ||    97
Block: Buckler           |    11 |    29 |     1 ||    41

Table legend: (Time is in decaauts)
 A = Elapsed time spent in this place.
 B = Non-inter-level travel time spent in this place.
 C = Inter-level travel time spent in this place.
 D = Time resting spent in this place.
 E = Time spent auto-exploring this place.
 F = Levels seen in this place.
 G = Mean time per level.
                   A        B        C        D        E       F      G
               +--------+--------+--------+--------+--------+-----+--------+
         Total |   3555 |   3361 |    194 |    402 |   2222 |   4 |  888.8 |
       Dungeon |   3555 |   3361 |    194 |    402 |   2222 |   4 |  888.8 |
               +--------+--------+--------+--------+--------+-----+--------+

Top non-repeatable levels by time:
     D:3: 1297 daAuts
     D:2: 971 daAuts
     D:1: 871 daAuts
     D:4: 414 daAuts
